 Dungeon Crawl Stone Soup version 0.24.0-125-gc4c63601f3 (webtiles) character file.

Game seed: 3094728115433591879, levelgen mode: deterministic

211 Curus the Poker (level 5, 0/42 HPs)
             Began as a Minotaur Gladiator on Mar 4, 2020.
             Slain by Crazy Yiuf
             ... wielding a +4 quarterstaff of chaos
              (8 damage)
             ... on level 3 of the Dungeon.
             The game lasted 00:08:45 (2103 turns).

Curus the Poker (Minotaur Gladiator)                Turns: 2103, Time: 00:08:46

Health: 0/42       AC:  4    Str: 18 (20) XL:     5   Next: 57%
Magic:  4/4        EV: 12    Int:  3 (6)  God:
Gold:   135        SH:  0    Dex:  9 (12) Spells: 4/4 levels left

rFire    . . .     SeeInvis .   a - +0 trident
rCold    . . .     Gourm    .   (no shield)
rNeg     . . .     Faith    .   b - +0 leather armour
rPois    +         Spirit   .   c - +0 hat
rElec    .         Reflect  .   (no cloak)
rCorr    .         Harm     .   e - +0 pair of gloves
MR       .....                  (no boots)
Stlth    +.........             (no amulet)
HPRegen  0.14/turn              m - +2 ring of strength
MPRegen  0.09/turn              h - ring of wizardry

@: no status effects
A: retaliatory headbutt, horns 2, high mp 1, poison resistance, subdued magic 1
a: no special abilities


You were on level 3 of the Dungeon.
You were not hungry.

You visited 1 branch of the dungeon, and saw 3 of its levels.

You collected 135 gold pieces.

Inventory:

Hand Weapons
 a - a +0 trident (weapon)
Missiles
 d - 3 throwing nets (quivered)
Armour
 b - a +0 leather armour (worn)
 c - a +0 hat (worn)
 e - a +0 pair of gloves (worn)
Jewellery
 g - an uncursed ring of attention
 h - a ring of wizardry (right hand)
 m - a +2 ring of strength (left hand)
Wands
 j - a wand of random effects (16)
 n - a wand of acid (6)
Scrolls
 i - a scroll of teleportation
 l - a scroll of remove curse
 o - 3 scrolls of identify
Potions
 k - a potion of flight
Comestibles
 f - 4 rations


   Skills:
 - Level 2.4 Fighting
 + Level 7.7 Polearms
 - Level 2.0 Throwing
 - Level 3.2 Dodging


You had 4 spell levels left.
You didn't know any spells.
Your spell library was empty.

Dungeon Overview and Level Annotations

Branches:
Dungeon (3/15)

Altars:

Annotations:
D:3 Crazy Yiuf


Innate Abilities, Weirdness & Mutations

You reflexively headbutt those who attack you in melee.
You have a pair of horns on your head.
You have an increased reservoir of magic. (+10% MP)
Your system is resistant to poisons. (rPois)
Your spells are a little easier to cast, but a little less powerful.


Message History

You see here 17 stones.
There is a stone staircase leading up here.
Crazy Yiuf shouts!
Crazy Yiuf screams, "Liver mobile head!"
You open the door. You hit Crazy Yiuf but do no damage.
Crazy Yiuf says, "Citrus snail blue!"
Crazy Yiuf hits you with a +4 quarterstaff of chaos!
You puncture Crazy Yiuf!
Crazy Yiuf is heavily wounded.
Crazy Yiuf hits you with a +4 quarterstaff of chaos!
Crazy Yiuf draws strength from your wounds!
You hit Crazy Yiuf. You headbutt Crazy Yiuf!
Crazy Yiuf is severely wounded.
You hit Crazy Yiuf but do no damage.
Crazy Yiuf is severely wounded.
Crazy Yiuf hits you with a +4 quarterstaff of chaos!
* * * LOW HITPOINT WARNING * * *
Crazy Yiuf burns you!
You die...

#.###.##
#.############
#.##)..##
#............##
....†#..#
#.##########..#
..##....# ###
##.# ..###.#.#
#.## ..# #.#.#
#######..#
..###.#.# ###
###.#...##.#
......#.#
#...##..#.......#
..#####.##
#...g@####......#
.[# #..# #)..###
##..#.## ..# ####
### ###### .## ##


You could see Crazy Yiuf.

Vanquished Creatures
  2 orc wizards (D:3)
  A worker ant (D:3)
  4 adders
  4 worms
  2 dart slugs (D:3)
  3 leopard geckos
  4 orcs (D:3)
  A ball python (D:1)
  7 bats
  12 goblins
  8 hobgoblins
  10 jackals
  4 frilled lizards
  4 kobolds
  7 rats
73 creatures vanquished.

Notes
Turn   | Place    | Note
-------+----------+-------------------------------------------
     0 | D:1      | Curus the Minotaur Gladiator began the quest for the Orb.
     0 | D:1      | Reached XP level 1. HP: 18/18 MP: 0/0
    31 | D:1      | Reached skill level 4 in Polearms
    43 | D:1      | Reached XP level 2. HP: 17/25 MP: 1/1
   507 | D:1      | Gained mutation: Your system is resistant to poisons.
                  | (rPois) [potion of mutation]
   507 | D:1      | Gained mutation: Your spells are a little easier to cast,
                  | but a little less powerful. [potion of mutation]
   507 | D:1      | Gained mutation: You have an increased reservoir of magic.
                  | (+10% MP) [potion of mutation]
   751 | D:2      | Reached skill level 5 in Polearms
   758 | D:2      | Reached XP level 3. HP: 29/30 MP: 2/2
   980 | D:2      | Found a faded altar of an unknown god.
  1091 | D:2      | Reached XP level 4. HP: 37/37 MP: 3/3
  1160 | D:2      | You fall into a shaft and drop 1 floor!
  1179 | D:3      | Reached skill level 6 in Polearms
  1235 | D:3      | Reached skill level 7 in Polearms
  1235 | D:3      | Reached XP level 5. HP: 9/42 MP: 4/4
  1542 | D:3      | Found a runed translucent door.
  1543 | D:3      | Noticed Crazy Yiuf
  2103 | D:3      | Slain by Crazy Yiuf

Levels and vault maps discovered:
D:1:      evilmike_arrival_run_for_it, layout_loops_cross
D:2:      minmay_recursive_quarters, layout_basic,
          chequers_ecumenical_altar_simple, chequers_serial_rivers_micro_e
D:3:      layout_loops_ring, first_ration, uniq_crazy_yiuf_cottage

Skill      XL: |  1  2  3  4 |
---------------+-------------+-----
Polearms       | 4 5 7 |  7.7
Fighting       | |  2.4
Throwing       | |  2.0
Dodging        | |  3.2

Action                   |  1- 3 |  4- 6 || total
-------------------------+-------+-------++-------
Melee: Trident           |    90 |    90 ||   180
       Headbutt          |    14 |    14 ||    28
  Use: Potion            |     5 |     3 ||     8
       Scroll            |     4 |       ||     4
  Eat: Chunk             |       |     4 ||     4
Armor: Leather armour    |    13 |    13 ||    26
Dodge: Dodged            |    37 |    33 ||    70
